Map: [ESL] Waterfall

Players

Maru - Winner!

  • Race: Terran Terran
  • League: Master
  • Spawn Location: 1:00

Solar

  • Race: Zerg Zerg
  • League: Grandmaster
  • Spawn Location: 7:00

VOD

Have the link to the VOD?

Description

Time

  • Played on: Nov. 5, 2022, 7:47 a.m.
  • Length: 5:41
Show
View Real Time Build Order
Export as new Build Order

Maru Terran - Winner!

Build Orders:  

Get SALT Encoding   

  12  0:00  SCV  
  13  0:12  SCV  
  14  0:17  Supply Depot  
  14  0:24  SCV  
  15  0:38  SCV  
  15  0:41  Barracks  
  16  0:43  Refinery  
  16  0:50  SCV  
  17  0:59  Barracks  
  17  1:03  SCV  
  18  1:15  SCV  
  19  1:28  Orbital Command  
  19  1:29  Reaper  
  20  1:38  Supply Depot  
  20  1:46  Reaper  
  22  1:54  SCV  
  22  2:04  Reaper  
  22  2:06  SCV  
  24  2:13  Command Center  
  24  2:19  SCV  
  24  2:21  Barracks Reactor  
  25  2:30  Barracks  
  25  2:31  SCV  
  26  2:38  Barracks Tech Lab  
  26  2:43  SCV  
  27  2:47  Supply Depot  
  27  2:55  Barracks, SCV  
  28  2:58  Marine x2  
  28  2:59  Marine  
  31  3:11  Stimpack  
  31  3:13  SCV  
  31  3:16  Marine  
  33  3:20  Marine  
  33  3:22  Marine  
  33  3:25  SCV  
  36  3:31  Orbital Command  
  36  3:32  Marine  
  37  3:34  Marine  
  37  3:37  SCV  
  37  3:38  Marine  
  40  3:42  Barracks Tech Lab  
  40  3:45  Marine  
  41  3:49  SCV  
  41  3:50  Marine  
  41  3:52  Supply Depot, Marine  
  44  3:55  Marine  
  44  3:57  SCV  
  44  4:00  Combat Shield  
  44  4:01  SCV, Marine  
  44  4:02  Marine  
  48  4:07  Supply Depot  
  48  4:08  Marine  
  50  4:10  Marine  
  50  4:11  SCV  
  50  4:13  Marine  
  50  4:15  Refinery  
  50  4:17  SCV  
  54  4:19  Marine  
  54  4:23  SCV  
  54  4:24  Marine  
  57  4:26  Marine  
  57  4:29  SCV  
  59  4:31  Factory  
  59  4:35  SCV  
  59  4:36  Marine  
  59  4:37  Engineering Bay  
  61  4:41  SCV  
  61  4:42  Supply Depot  
  62  4:46  Marine x3  
  62  4:48  SCV  
  66  4:53  SCV  
  66  4:59  Marine x2  
  69  5:00  SCV  
  69  5:03  Supply Depot  
  69  5:05  Refinery, SCV  
  71  5:11  Marine  
  71  5:12  SCV  
  71  5:14  Marine x2  
  73  5:17  SCV, Marine x2  
  73  5:24  SCV  
  73  5:29  SCV  
Show
View Real Time Build Order
Export as new Build Order

Solar Zerg 

Build Orders: Hatch First 

Get SALT Encoding   

  12  0:00  Drone  
  13  0:12  Overlord  
  13  0:17  Drone  
  14  0:30  Drone x2  
  16  0:47  Hatchery  
  15  0:51  Drone  
  15  0:54  Drone  
  17  0:58  Drone  
  18  1:07  Extractor  
  17  1:13  Spawning Pool  
  17  1:15  Drone  
  17  1:19  Drone  
  18  1:29  Drone  
  19  1:39  Drone  
  20  1:51  Drone  
  21  2:00  Zergling x2, Queen x2  
  21  2:01  Zergling x2  
  27  2:12  Overlord  
  27  2:13  Drone  
  28  2:26  Hatchery  
  28  2:28  Drone  
  28  2:31  Drone  
  28  2:33  Drone  
  29  2:38  Zergling x2  
  30  2:44  Spore Crawler  
  30  2:45  Zergling x2  
  30  2:49  Metabolic Boost  
  30  2:53  Drone  
  30  2:57  Queen  
  30  2:58  Overlord  
  33  3:02  Drone  
  33  3:04  Drone  
  35  3:10  Zergling x2  
  35  3:17  Drone x4  
  39  3:24  Queen  
  39  3:26  Zergling x2  
  42  3:31  Overlord  
  43  3:34  Drone  
  43  3:38  Queen  
  45  3:44  Drone x2  
  45  3:47  Drone x2  
  49  3:51  Queen  
  49  3:54  Drone  
  53  3:55  Drone  
  53  4:00  Drone x3  
  56  4:04  Overlord  
  56  4:12  Overlord  
  56  4:17  Overlord  
  56  4:22  Queen, Overlord  
  56  4:23  Drone  
  59  4:25  Drone x4  
  59  4:30  Drone x2  
  65  4:33  Queen  
  65  4:38  Drone x4  
  71  4:41  Drone  
  71  4:43  Drone  
  71  4:45  Baneling Nest  
  72  4:46  Drone  
  72  4:47  Zergling x2, Drone  
  72  4:50  Zergling x2  
  75  4:53  Zergling x4  
  75  4:57  Zergling x2  
  75  4:59  Extractor  
  77  5:00  Queen  
  77  5:02  Overlord  
  77  5:03  Zergling x6  
  82  5:08  Zergling x4  
  82  5:13  Overlord  
  79  5:17  Zergling x2  
  79  5:18  Zergling x10  
  79  5:20  Zergling x2  
Tags
 
Add a new tag
Caveats
  • Supply blocks, unpowered buildings, or Contaminate may cause inaccurate times.
  • Supply counts are checked every 10 seconds.